[Event "Early-Titled-Tuesday-Blitz-March-05-2024"]
[Site "Chess.com"]
[Date "2024.03.05"]
[Round "5"]
[White "Nemegejas"]
[Black "otrov-11"]
[Result "1-0"]
[WhiteElo "2795"]
[BlackElo "2611"]
[TimeControl "180+1"]
[EndTime "8:58:59 PST"]
[Termination "Nemegejas won on time"]

1. d4 Nf6 2. c4 e6 3. Nf3 b6 4. g3 Bb7 5. Bg2 Be7 6. O-O O-O 7.
Nc3 Ne4 8. Bd2 Nxc3 9. Bxc3 Be4 10. Re1 d6 11. Bh3 Nd7 12. Nd2 Bg6 13. e4 e5 14.
Nf3 exd4 15. Nxd4 Nc5 16. Nc6 Qe8 17. Nxe7+ Qxe7 18. f3 a5 19. b3 f6 20. Qc2 Rfe8 21. Bd4 Bf7 22. Re3 Be6 23. Bg2 Rad8 24. Rae1 Bc8 25. Qb2 Bb7 26. h4 Ba8 27. g4 Ne6 28.
Bc3 Nf4 29. Qf2 Qf7 30. Bf1 Bc6 31. Qg3 Ne6 32. f4 Nc5 33. Bg2 Re7 34. g5 fxg5 35.
hxg5 Rde8 36. e5 Bxg2 37. Kxg2 dxe5 38. Bxe5 Qf5 39. Qf3 Ne6 40. Kg3 Nxg5 41. Qg4 Qxg4+ 42. Kxg4 Nf7 43. Kf5 Nd6+ 44. Kg4 g6 45. Rd3 Nf5 46. Red1 Kf7 47. c5 bxc5 48. Rc1 h5+ 49. Kg5 Ng7 50. Bxg7 Kxg7 51. Rxc5 Rf8 52. Rdc3 Rff7 53. Rxa5 Re6 54. Rac5 Ree7 55. a4 Rd7 56. a5 1-0

[Event "Early-Titled-Tuesday-Blitz-March-05-2024"]
[Site "Chess.com"]
[Date "2024.03.05"]
[Round "5"]
[White "FredddieCroderg"]
[Black "Chessdreamer2020"]
[Result "1-0"]
[WhiteElo "2293"]
[BlackElo "2515"]
[TimeControl "180+1"]
[EndTime "8:58:59 PST"]
[Termination "FredddieCroderg won on time"]

1. e4 d6 2. Bc4 Nf6 3. Qf3 c6 4. d3 d5 5. exd5 cxd5 6. Bb5+ Nc6 7. Bd2 Bg4 8. Qg3 e6 9. f3 Bh5 10. Ne2 Bg6 11. Nbc3 Bd6 12. Qh3 O-O 13. Nf4 Nd4 14. Nxg6 hxg6 15. Rc1 Qb6 16. Ba4 Qxb2 17. O-O Qb6 18. Rb1 Qc7 19. Qh4 Nf5 20. Qe1 Bxh2+ 21. Kh1 Ng3+ 22. Kxh2 Nxf1+ 23. Kg1 Nxd2 24. Qxd2 a6 25.
Ne2 b5 26. Bb3 Rac8 27. Kf2 Qh2 28. Ng3 Nh5 29. Nxh5 Qxh5 30. Qf4 Rc6 31. a4 Rfc8 32.
axb5 axb5 33. Ra1 Qf5 34. Qh4 Qf6 35. Qh1 Qd4+ 36. Kg3 g5 37. Qh5 Qf4+ 38. Kh3 e5 39. g3 Qf5+ 40. Kg2 Rh6 41. Qg4 Qxg4 42. fxg4 Rf6 43.
Ra5 Rc5 44. Ra8+ Kh7 45. Re8 Re6 46. Rf8 Kg6 47. Rd8 e4 48. Bxd5 Rxc2+ 49. Kh3 1-0

[Event "Early-Titled-Tuesday-Blitz-March-05-2024"]
[Site "Chess.com"]
[Date "2024.03.05"]
[Round "5"]
[White "MaxLeto"]
[Black "tylityli"]
[Result "1-0"]
[WhiteElo "2471"]
[BlackElo "2305"]
[TimeControl "180+1"]
[EndTime "8:58:59 PST"]
[Termination "MaxLeto won on time"]

1. g4 d5 2. Bg2 b5 3. h3 Bb7 4. d4 e6 5. Nf3 Nd7 6. Bf4 Bd6 7. e3 h6 8. Nc3 a6 9. Ne2 Ne7 10. Qd2 Ng6 11. Bg3 e5 12. dxe5 Ndxe5 13. Nxe5 Bxe5 14. O-O-O Bxg3 15. Nxg3 Ne7 16. Nh5 O-O 17.
Qd4 f6 18. Nf4 Qd6 19. Nxd5 Nxd5 20. Bxd5+ Bxd5 21. Qxd5+ Qxd5 22. Rxd5 Rad8 23. Rhd1 Rxd5 24. Rxd5 Rf7 25. Kd2 Kf8 26. Kc3 Ke7 27. Kb4 Ke6 28.
e4 c6 29. Rc5 Kd6 30. Rh5 a5+ 31. Kxa5 Ra7+ 32. Kb6 Rxa2 33. Rc5 Rxb2 34. f4 Rb4 35.
Rxc6+ Ke7 36. Rc7+ Kf8 37. e5 Rxf4 38. e6 Re4 39. Rc6 Ke7 40. Kxb5 Rxe6 41. Rxe6+ Kxe6 42. c4 Kd7 43. Kc5 g6 44. Kd5 f5 45. gxf5 gxf5 46. Ke5 Kc6 47. Kxf5 Kc5 48. Kg6 Kxc4 49. Kxh6 Kd5 50.
Kg6 Ke6 51. h4 Ke7 52. Kg7 1-0

[Event "Early-Titled-Tuesday-Blitz-March-05-2024"]
[Site "Chess.com"]
[Date "2024.03.05"]
[Round "5"]
[White "VladimirKramnik"]
[Black "Dyadya81"]
[Result "1/2-1/2"]
[WhiteElo "2969"]
[BlackElo "2884"]
[TimeControl "180+1"]
[EndTime "8:59:01 PST"]
[Termination "Game drawn by repetition"]

1. e4 c6 2. d4 d5 3. Nd2 dxe4 4. Nxe4 Bf5 5. Ng3 Bg6 6. h4 h6 7. Nf3 Nd7 8. h5 Bh7 9. Bd3 Bxd3 10. Qxd3 e6 11. Bd2 Bd6 12. Ne4 Bc7 13. O-O-O Ngf6 14. Kb1 Nxe4 15. Qxe4 Nf6 16. Qe2 Qd5 17. Bc1 Qe4 18. Rde1 Qxe2 19. Rxe2 O-O 20. c3 Rad8 21. Ne5 Rd5 22.
f4 Rfd8 23. g4 c5 24. g5 hxg5 25. fxg5 Bxe5 26. dxe5 Ng4 27. g6 Rxe5 28. gxf7+ Kxf7 29. Rg2 Nf6 30. h6 gxh6 31. Rxh6 Rh5 32. Rxh5 Nxh5 33. Rf2+ Kg6 34. a4 Rd5 35. c4 Rd4 36. b3 e5 37.
Kc2 Nf6 38. Be3 Rg4 39. Rh2 b6 40. a5 Kf5 41. a6 Rg7 42. Rh8 Ke6 43. Rb8 Rd7 44.
Bg5 Ne4 45. Be3 Nd6 46. Bg1 e4 47. Bh2 e3 48. Bxd6 Kxd6 49. Re8 Re7 50. Rxe7 Kxe7 51. Kd3 Ke6 52. Kxe3 Ke5 53. Kd3 Kf4 54. Kd2 Ke4 55. Ke2 Kd4 56. Kd2 Ke4 57. Ke2 Kd4 58. Kd2 Ke4 1/2-1/2

[Event "Early-Titled-Tuesday-Blitz-March-05-2024"]
[Site "Chess.com"]
[Date "2024.03.05"]
[Round "5"]
[White "JonasEilenberg"]
[Black "NewYearGirl"]
[Result "0-1"]
[WhiteElo "2535"]
[BlackElo "2384"]
[TimeControl "180+1"]
[EndTime "8:59:03 PST"]
[Termination "NewYearGirl won by checkmate"]

1. d4 Nf6 2. c4 c5 3. d5 b5 4. Qc2 b4 5. e4 d6 6. a3 a5 7. Bd3 Nfd7 8. f4 g6 9. Nf3 Bg7 10. O-O Qb6 11. Be3 bxa3 12. Nxa3 Qxb2 13. Ra2 Qxc2 14. Bxc2 Ba6 15. Ba4 O-O 16. Rb1 Bc3 17.
Nb5 Bxb5 18. Bxb5 Nf6 19. e5 Ng4 20. Re2 Nxe3 21. Rxe3 Bb4 22. exd6 exd6 23. Ng5 Kg7 24. Ne4 Rd8 25. f5 a4 26. f6+ Kf8 27. Nxd6 Nd7 28. Re7 Ne5 29. Nb7 Rdb8 30. Rxe5 Rxb7 31. d6 Bc3 32.
Re2 Bxf6 33. d7 Kg7 34. Ra2 a3 35. Rb3 Bb2 36. Rd3 Rd8 37. Kf2 f5 38. Ke2 Kf6 39. Kf3 Rb6 40. Raxa3 Bxa3 41. Rxa3 Rd6 42. Ra7 g5 43. Rc7 Rd3+ 44. Ke2 Rd4 45. Rc6+ Ke5 46. Rxc5+ Kf4 47. g3+ Kg4 48. Ke3 Re4+ 49. Kf2 f4 50.
gxf4 Rxf4+ 51. Kg2 Rd4 52. Rc7 Rd2+ 53. Kf1 h5 54. c5 Kf3 55. Ke1 Rb2 56. Rb7 Ke3 57. c6 Ra8 58. Bd3 Ra1+ 59. Bb1 Raxb1# 0-1

[Event "Early-Titled-Tuesday-Blitz-March-05-2024"]
[Site "Chess.com"]
[Date "2024.03.05"]
[Round "5"]
[White "viktorskliarov"]
[Black "marik_spb"]
[Result "1-0"]
[WhiteElo "2603"]
[BlackElo "2453"]
[TimeControl "180+1"]
[EndTime "8:59:05 PST"]
[Termination "viktorskliarov won by resignation"]

1. e4 e6 2. d4 d5 3. e5 c5 4. c3 Nc6 5. Nf3 Qb6 6. a3 Bd7 7. b4 cxd4 8. cxd4 a5 9. b5 Na7 10. a4 Ne7 11. Bd3 Nf5 12. Bxf5 exf5 13. O-O Be7 14. Nc3 Be6 15. Ba3 Rc8 16. Bxe7 Kxe7 17. Ne2 Rc4 18. Nd2 Rb4 19. Nb3 Rc8 20. Nc5 Rc4 21. Qd2 Qc7 22. Qg5+ Kf8 23. Nf4 Qe7 24. Qh5 Kg8 25. Rfd1 Rc7 26. b6 R7xc5 27. dxc5 Nc6 28. Nxd5 Bxd5 29. Rxd5 Rxc5 30. Rxc5 g6 31. Qd1 Qxc5 32.
Qd6 Qxb6 33. e6 fxe6 34. Qxe6+ Kg7 35. Rd1 Kh6 36. h4 Qb2 37. Qe3+ Kg7 38. Rd7+ Kf6 39. Rxh7 Ne5 40. Qg5+ Ke6 41. Qe7+ Kd5 42. Qxb7+ Qxb7 43. Rxb7 Kc4 44. Rb5 Nc6 45. g3 Kd4 46. Kg2 Ke4 47.
f3+ Kd4 48. g4 fxg4 49. fxg4 Ne5 50. Kg3 Nc4 51. h5 gxh5 52. gxh5 Ne3 53. Rxa5 Ke4 54.
h6 Nf5+ 55. Rxf5 Kxf5 56. h7 1-0

[Event "Early-Titled-Tuesday-Blitz-March-05-2024"]
[Site "Chess.com"]
[Date "2024.03.05"]
[Round "5"]
[White "FoxOnTheRun97"]
[Black "cristiano78"]
[Result "1-0"]
[WhiteElo "2641"]
[BlackElo "2273"]
[TimeControl "180+1"]
[EndTime "8:59:06 PST"]
[Termination "FoxOnTheRun97 won by resignation"]

1. d4 Nf6 2. Bg5 c5 3. d5 Qb6 4.
Nc3 Qxb2 5. Bd2 Qb6 6. e4 d6 7. f4 e6 8. Rb1 Qd8 9. Bb5+ Bd7 10. dxe6 fxe6 11. Nf3 Bc6 12. Bxc6+ bxc6 13. e5 Nd5 14.
Ne4 Na6 15. Qe2 Nac7 16. c4 Nb4 17. O-O d5 18. Neg5 Qd7 19. a3 a5 20. axb4 cxb4 21.
Kh1 h6 22. Nh3 Bc5 23. cxd5 Nxd5 24. Qc4 Bb6 25. f5 O-O 26. fxe6 Qxe6 27. Rbc1 Rac8 28.
Nf4 Nxf4 29. Bxf4 Qxc4 30. Rxc4 g5 31. Bc1 Rf5 32. h3 Kg7 33. Bb2 Kg6 34. Rd1 Kf7 35. Rd7+ Ke8 36. Rd6 Be3 37. Rdxc6 Rxc6 38. Rxc6 a4 39.
Ra6 a3 40. Bxa3 bxa3 41. Rxa3 Bf4 42. Ra6 Rf7 43. Rxh6 Re7 44. Rg6 Bxe5 45. Rxg5 Bf4 46. Rf5 Bb8 47. Kg1 Ba7+ 48. Kf1 Rb7 49. Re5+ Kd7 50. g4 Rb2 51. Re2 Rb1+ 52. Kg2 Rb3 53. h4 Be3 54. h5 Bf4 55. Re4 Bh6 56. g5 Rb6 57. gxh6 Rxh6 58. Re5 Kd6 59. Kg3 Rf6 60. Rg5 Ke7 61. Kg4 Kf8 62. Rf5 Rxf5 63. Kxf5 Kg8 64.
Kg6 Kh8 65. h6 1-0

[Event "Early-Titled-Tuesday-Blitz-March-05-2024"]
[Site "Chess.com"]
[Date "2024.03.05"]
[Round "5"]
[White "Incognito_Knight"]
[Black "crazy_m_attack"]
[Result "1-0"]
[WhiteElo "2720"]
[BlackElo "2495"]
[TimeControl "180+1"]
[EndTime "8:59:07 PST"]
[Termination "Incognito_Knight won by resignation"]

1. e4 e5 2. Nf3 Nc6 3. Nc3 Nf6 4. a3 d5 5. Bb5 dxe4 6. Nxe5 Qd6 7.
d4 exd3 8. O-O Be7 9. Bf4 Qc5 10. Re1 Be6 11. Nxd3 Qf5 12. Re5 Qg4 13. f3 Qg6 14. Rg5 Qh6 15. Rd5 Qg6 16. Ne5 Qf5 17. Nxc6 Qxf4 18.
Nxe7+ Kxe7 19. Rd4 Qe3+ 20. Kh1 Rhd8 21. Rd3 Qc5 22. Qe1 a6 23. Rxd8 Rxd8 24. Bd3 Kf8 25. Qg3 Kg8 26. Re1 h6 27. Ne4 Nxe4 28. Rxe4 Qd6 29.
Qxd6 Rxd6 30. Kg1 Rd7 31. Re3 Kf8 32. Kf2 Rd6 33. f4 Rb6 34. b4 g6 35. g3 h5 36.
h4 Rd6 37. Re5 Kg7 38. Ke3 Kf6 39. Rc5 c6 40. Re5 Bd7 41. a4 Be6 42. a5 Rd7 43. Re4 Rd6 44. Rd4 Rxd4 45. Kxd4 Bf5 46. Be4 Bc8 47.
Kc5 Ke6 48. Kb6 Kd6 49. c4 f5 50. c5+ Kd7 51. Bc2 Kd8 52. Bb3 Kd7 53. Bf7 Kd8 54. Bxg6 Be6 55. Bxh5 Ke7 56. Kxb7 Bc4 57. Kxc6 Bb5+ 58.
Kb6 Ke6 59. c6 Kd5 60. c7 1-0

[Event "Early-Titled-Tuesday-Blitz-March-05-2024"]
[Site "Chess.com"]
[Date "2024.03.05"]
[Round "5"]
[White "Josetricks"]
[Black "mr_gustavo"]
[Result "1-0"]
[WhiteElo "2553"]
[BlackElo "2724"]
[TimeControl "180+1"]
[EndTime "8:59:07 PST"]
[Termination "Josetricks won by checkmate"]

1. d4 Nf6 2. Nc3 d5 3. Bf4 Bf5 4. Nf3 e6 5. Ne5 Bd6 6. e3 O-O 7.
f3 Nbd7 8. g4 Bg6 9. h4 h6 10.
Nxg6 fxg6 11. Bxd6 cxd6 12. Bd3 e5 13. Bxg6 exd4 14. Qxd4 Ne5 15. O-O-O Nxf3 16. Qb4 Ne5 17. Bf5 Qb6 18. Qxb6 axb6 19. Be6+ Kh8 20. g5 Nfg4 21.
Rxd5 Rad8 22. Ne4 Nxe3 23. Rxd6 Rxd6 24. Nxd6 Rf2 25. Bb3 Nf3 26. Nxb7 Nd4 27. Nd6 Nexc2 28. Rd1 Nxb3+ 29. axb3 Ne3 30. Rd3 Ng4 31. Ne4 Kh7 32.
Nxf2 Nxf2 33. Rd6 hxg5 34. hxg5 Ne4 35. Rxb6 Nxg5 36. Rb4 Ne6 37. Re4 Nc5 38. Re3 g5 39. b4 Na4 40. b5 Kg6 41. Ra3 Nc5 42. Ra6+ Kh5 43. Rc6 Nd7 44. b6 g4 45. b7 g3 46. Kd2 g2 47. Rc1 Kg4 48. Ke3 Kg3 49. Rd1 Nb8 50. Ke2 Nc6 51. b4 Nb8 52. b5 Kh3 53. Kf2 Kh2 54. Rg1 Nd7 55. Rxg2+ Kh1 56. Rg7 Nf6 57. b8=Q Ng4+ 58. Kg3 Nh2 59. Qb7+ Nf3 60.
Qxf3+ Kg1 61. Qg2# 1-0

[Event "Early-Titled-Tuesday-Blitz-March-05-2024"]
[Site "Chess.com"]
[Date "2024.03.05"]
[Round "5"]
[White "Flaccidmoves"]
[Black "sathvikadiga"]
[Result "0-1"]
[WhiteElo "2444"]
[BlackElo "2592"]
[TimeControl "180+1"]
[EndTime "8:59:07 PST"]
[Termination "sathvikadiga won by checkmate"]

1. e4 e6 2. d4 d5 3. Bd3 c5 4. exd5 exd5 5. Nf3 c4 6. Be2 Nf6 7. O-O Bd6 8. b3 cxb3 9. axb3 O-O 10. c4 Nc6 11.
Nc3 Bb4 12. Bb2 Bg4 13. c5 Bxc3 14. Bxc3 Ne4 15. Bb2 Qf6 16. h3 Be6 17. Ne5 Nxe5 18. dxe5 Qg6 19. Qd3 Nxc5 20. Qe3 d4 21. Bxd4 Nxb3 22.
Bd3 Qh6 23. Qxh6 gxh6 24. Be3 Nxa1 25. Rxa1 Kg7 26. f4 Rfd8 27. Ra3 Bd5 28. f5 f6 29.
exf6+ Kxf6 30. Bd4+ Kf7 31. Be5 Bc6 32. Bc4+ Bd5 33.
Be2 a6 34. Bh5+ Kf8 35. Bf6 Rd7 36. Rg3 Rc8 37. Kh2 Rc2 38. Be5 Bc6 39. f6 Rdd2 40.
Bf3 Bxf3 41. Rxf3 Rxg2+ 42. Kh1 Rge2 43. Bh2 Re1+ 44. Bg1 Rcc1 45. Rg3 Rxg1+ 46. Rxg1 Rxg1+ 47. Kxg1 Kf7 48. Kf2 Kxf6 49. Ke2 a5 50. Kd3 b5 51. Kd4 a4 52. Kc3 Ke5 53. Kb4 Kd4 54. Ka3 Kc3 55.
h4 b4+ 56. Ka2 b3+ 57. Ka1 b2+ 58. Kb1 h5 59. Ka2 Kc2 60. Ka3 b1=Q 61. Kxa4 Qb6 62. Ka3 Qb3# 0-1

[Event "Early-Titled-Tuesday-Blitz-March-05-2024"]
[Site "Chess.com"]
[Date "2024.03.05"]
[Round "5"]
[White "David_George21"]
[Black "rnanjo"]
[Result "1/2-1/2"]
[WhiteElo "2433"]
[BlackElo "2567"]
[TimeControl "180+1"]
[EndTime "8:59:07 PST"]
[Termination "Game drawn by repetition"]

1. e4 g6 2. d4 Bg7 3. Nc3 c6 4. f4 d5 5. e5 h5 6. Nf3 Bg4 7. Bd3 e6 8. h3 Bxf3 9. Qxf3 Bf8 10. a3 h4 11. Be3 Nh6 12. Nd1 Nd7 13. Nf2 Qa5+ 14.
Bd2 Qb6 15. O-O-O Qxd4 16. Be3 Qa4 17. g4 hxg3 18. Qxg3 Nf5 19. Bxf5 gxf5 20. h4 Nb6 21. Bxb6 axb6 22. Rd3 Bh6 23. Nh3 b5 24. Ng5 b4 25.
Rg1 Qa7 26. Nxf7 Kxf7 27. Qg6+ Ke7 28. Qf6+ Kd7 29. Rg7+ Bxg7 30. Qxg7+ Kd8 31. Qxh8+ Kc7 32. Qg7+ Kb6 33. Rb3 Ka6 34. Qg2 Qd4 35. axb4 Qxf4+ 36. Kb1 Kb6 37. Qg1+ d4 38. Rd3 Rd8 39. h5 Qxe5 40. h6 Qf6 41. h7 e5 42. Qg8 Qh8 43. Rg3 f4 44. Qxd8+ Qxd8 45. Rg8 Qh4 46. h8=Q Qe1+ 47.
Ka2 Qxb4 48. Qxe5 Qc4+ 49. Kb1 Qxg8 50. Qxd4+ Ka6 51. Qxf4 Qg1+ 52. Ka2 Qc5 53. Qf1+ Kb6 54. Qd3 Qb4 55. Qb3 Kc5 56. Qxb4+ Kxb4 57. c3+ Kc4 58.
Ka3 b5 59. Ka2 c5 60. Ka3 Kd3 61. Kb3 Kd2 62. Ka3 Kc2 63. Ka2 b4 64. cxb4 cxb4 65. Ka1 Kb3 66. Kb1 Kc4 67. Kc2 b3+ 68. Kd2 Kd4 69. Kc1 Kd3 70. Kb1 Kd2 71. Ka1 Kd1 72. Kb1 Kd2 73. Ka1 Kd1 74. Kb1 Kd2 1/2-1/2

[Event "Early-Titled-Tuesday-Blitz-March-05-2024"]
[Site "Chess.com"]
[Date "2024.03.05"]
[Round "5"]
[White "Binary010"]
[Black "Casper"]
[Result "1/2-1/2"]
[WhiteElo "2811"]
[BlackElo "2527"]
[TimeControl "180+1"]
[EndTime "8:59:08 PST"]
[Termination "Game drawn - insufficient material"]

1. d4 d5 2. Nf3 Nf6 3. g3 g6 4.
Bg2 Bg7 5. O-O O-O 6. c4 Nc6 7. cxd5 Nxd5 8. e3 Nb6 9. Nc3 e5 10. dxe5 Nxe5 11. Nxe5 Bxe5 12. Qe2 c6 13. Rd1 Qe7 14. e4 Be6 15. Be3 Nc4 16. Bd4 Rfd8 17.
Bxe5 Nxe5 18. h3 Qc5 19. Rxd8+ Rxd8 20. Rd1 Rxd1+ 21. Qxd1 Qb6 22. b3 Qa5 23. Qc2 Qc5 24. Kh2 Qd4 25. f4 Nd3 26. Qd2 c5 27. Nb5 Qd7 28.
Nxa7 b5 29. Nc6 c4 30. bxc4 bxc4 31. e5 Kg7 32. a4 Bd5 33. Bxd5 Qxd5 34. Qg2 Qc5 35.
e6 fxe6 36. Nd8 Qc8 37. Nc6 c3 38. a5 Qa6 39. Nd4 Qc4 40. Qe4 Nb2 41. Nxe6+ Kf6 42. Qxc4 Nxc4 43. Nd4 Nxa5 44. Kg2 Nc6 45. Nc2 h5 46.
Kf3 Ne7 47. Ke4 Nf5 48. g4 Nh4 49. Kd4 Nf3+ 50. Kxc3 Ng1 51. g5+ Kf5 52. Nd4+ Kxf4 53. Ne6+ Kf5 54. Nd4+ Kxg5 55. Ne6+ Kf6 56. Nf4 Kf5 57.
Nd5 Nxh3 58. Kd3 g5 59. Kd2 Kg4 60. Nf6+ Kg3 61. Nxh5+ Kh2 62. Nf6 Kg3 63. Ne4+ Kf4 64.
Nxg5 1/2-1/2

[Event "Early-Titled-Tuesday-Blitz-March-05-2024"]
[Site "Chess.com"]
[Date "2024.03.05"]
[Round "5"]
[White "nrvisakh"]
[Black "awesomevishesh"]
[Result "1/2-1/2"]
[WhiteElo "2911"]
[BlackElo "2650"]
[TimeControl "180+1"]
[EndTime "8:59:11 PST"]
[Termination "Game drawn by repetition"]

1. e4 c5 2. Nc3 d6 3. Nge2 a6 4. g3 Nf6 5. Bg2 Nc6 6. O-O g6 7. d4 cxd4 8. Nxd4 Nxd4 9. Qxd4 Bg7 10. Qd2 O-O 11. b3 Qc7 12. Bb2 Be6 13. Nd5 Bxd5 14.
exd5 Ne4 15. Bxe4 Bxb2 16. Rad1 Bc3 17. Qe2 Kg7 18. h4 h5 19. Kh2 b5 20. f4 f5 21.
Bd3 b4 22. Bxa6 Bf6 23. Rf3 Qa5 24. Bb5 Qxa2 25. Re3 Ra7 26. Ba4 Qb2 27. Kh3 Rc8 28.
Bc6 Rcc7 29. Re1 Ra2 30. Qb5 Qxc2 31. R3e2 Qxb3 32. Rxa2 Qxa2 33. Qxb4 Qa7 34. Qd2 Qd4 35. Qxd4 Bxd4 36. Rb1 Ra7 37. Rb7 Rxb7 38. Bxb7 Kf6 39.
Kg2 e6 40. dxe6 Kxe6 41. Bc6 Bc3 42. Be8 Kf6 43. Bc6 Ke7 44. Bd5 Kf6 45. Kf3 Be1 46.
Kg2 Bd2 47. Kf3 Be1 48. Kg2 Bd2 49. Kf2 Bc3 50. Kf3 Be1 1/2-1/2

[Event "Early-Titled-Tuesday-Blitz-March-05-2024"]
[Site "Chess.com"]
[Date "2024.03.05"]
[Round "5"]
[White "FuenfgegenWilly"]
[Black "xasid81"]
[Result "1-0"]
[WhiteElo "2452"]
[BlackElo "2566"]
[TimeControl "180+1"]
[EndTime "8:59:12 PST"]
[Termination "FuenfgegenWilly won by resignation"]

1. e4 a6 2. g3 e6 3. Bg2 d5 4. d3 dxe4 5. dxe4 Qxd1+ 6. Kxd1 c5 7. c3 Nc6 8. Kc2 b6 9. f4 Bb7 10. a4 Nf6 11. Nh3 Nxe4 12. Rg1 Nf6 13. Be3 Ng4 14.
Bd2 Nxh2 15. Nf2 h5 16. Rh1 Nb4+ 17. cxb4 Bxg2 18. Rxh2 Bd5 19. bxc5 Bxc5 20. Nc3 Bf3 21. Nd3 Be7 22. Ne5 Bb7 23. Be3 f6 24. Nc4 Rc8 25. Nxb6 Rc6 26. a5 Kf7 27. Ra4 g6 28. Rc4 Rxc4 29.
Nxc4 Rc8 30. Kb3 Rb8 31. Nb6 Rd8 32. Kc4 Rd6 33. b4 Rd8 34. Nca4 Rd1 35. Nc5 Bxc5 36. Bxc5 Rc1+ 37. Kb3 Bc6 38. Rd2 Rf1 39. Rd3 e5 40. fxe5 fxe5 41. Nc4 e4 42. Rc3 Ke6 43. Ne3 Rf3 44. Nc4 g5 45. Nd2 Bd5+ 46. Kc2 Rf7 47. Re3 Kf5 48. Nb3 Bxb3+ 49. Kxb3 Rd7 50. b5 axb5 51. a6 h4 52. gxh4 gxh4 53. a7 Rd8 54. Kb4 Kf4 55. Kxb5 Re8 56. Kb6 Kg4 57. Kb7 Rg8 58. Rxe4+ Kg3 59. a8=Q Rxa8 60. Kxa8 h3 61. Bd6+ Kf3 62. Ra4 h2 63. Bxh2 1-0

[Event "Early-Titled-Tuesday-Blitz-March-05-2024"]
[Site "Chess.com"]
[Date "2024.03.05"]
[Round "5"]
[White "thesupera12"]
[Black "Iskusnyh"]
[Result "1-0"]
[WhiteElo "2492"]
[BlackElo "2684"]
[TimeControl "180+1"]
[EndTime "8:59:13 PST"]
[Termination "thesupera12 won by resignation"]

1. d4 d5 2. Bg5 h6 3. Bh4 c5 4.
dxc5 g5 5. Bg3 Bg7 6. c3 Nf6 7. Nd2 Nc6 8. Ngf3 O-O 9. e3 a5 10. Bb5 a4 11. Bxa4 Qa5 12. Bxc6 bxc6 13. O-O Qxc5 14.
Nb3 Qb6 15. Qd4 Qb7 16. Be5 Bf5 17. Rfc1 Rfc8 18. Qb4 Qa7 19. Bd4 Qc7 20. Be5 Qd8 21.
Qd4 Be4 22. Nfd2 Bg6 23. c4 c5 24. Nxc5 Rxc5 25. Bxf6 Bxf6 26. Qxc5 Bxb2 27. Qxd5 Qc7 28. Qxa8+ Kh7 29. Qd5 e6 30. Qb5 Be5 31. Nf3 Bf6 32.
a4 g4 33. Ne1 Be4 34. c5 Bc6 35. Qd3+ Kg7 36. Nc2 Qa5 37. Nd4 Bd5 38. Qc3 Qc7 39. a5 h5 40. a6 h4 41. a7 Ba8 42. Qd3 g3 43. hxg3 hxg3 44. f3 Qe5 45. Kf1 Qh5 46. Ke2 Qh2 47. Rg1 e5 48. Nf5+ Kg8 49.
Qd6 e4 50. Qb8+ Kh7 51. Rh1 exf3+ 52. Kd3 fxg2 53. Rxh2+ gxh2 54. Qxh2+ Kg6 55. Nd4 Bg5 56. Rg1 f5 57. Rxg2 Be4+ 58. Kc3 Kf6 59. Rxg5 Kxg5 60. Qf4+ Kg6 61. Qxe4 1-0

[Event "Early-Titled-Tuesday-Blitz-March-05-2024"]
[Site "Chess.com"]
[Date "2024.03.05"]
[Round "5"]
[White "Hurghada"]
[Black "dosto07"]
[Result "0-1"]
[WhiteElo "2388"]
[BlackElo "2561"]
[TimeControl "180+1"]
[EndTime "8:59:14 PST"]
[Termination "dosto07 won by resignation"]

1. d4 d5 2. c4 dxc4 3. Nf3 Nf6 4.
g3 Bf5 5. Qa4+ c6 6. Qxc4 e6 7. Bg2 Nbd7 8. O-O Be7 9. Nbd2 O-O 10. Qb3 Qb6 11. Nc4 Qa6 12. Bf4 Be4 13. e3 Bd5 14.
Nfd2 Bxg2 15. Kxg2 c5 16. Nf3 Rac8 17. Rac1 b5 18.
Nce5 c4 19. Qc2 Nxe5 20. Nxe5 Qb7+ 21. Kg1 h6 22. h4 Ne4 23. h5 Rfd8 24. f3 Nf6 25. g4 Nd5 26. Qh2 Nxf4 27. exf4 Rxd4 28. Rcd1 Rcd8 29. Qe2 Bc5 30. Kg2 Qd5 31. Rxd4 Qxd4 32. Re1 Qd2 33. Nc6 Qxe2+ 34. Rxe2 Rd3 35. Ne5 Rd1 36. a4 a6 37. axb5 axb5 38. Rc2 Be3 39.
Nc6 Bxf4 40. Na7 Rd5 41. Kf1 Bb8 42. Nc6 Bf4 43. Ke2 Kf8 44. Nb4 Rd6 45. b3 cxb3 46.
Rb2 Ke7 47. Rxb3 Rd2+ 48. Kf1 Kf6 49. Nd3 Be3 50. Ke1 Rh2 51. Rxb5 g6 52. hxg6 fxg6 53. Rb8 h5 54. gxh5 gxh5 55. Rf8+ Ke7 56. Rh8 h4 57.
Rh7+ Kf6 58. Kf1 Kg6 59. Rh8 h3 60. Ne5+ Kg7 61. Rh4 Rh1+ 62. Ke2 Bg5 63. Rg4 Kf6 64. f4 Bxf4 65. Nd7+ Kf5 66. Rh4 h2 67. Rh5+ Kg6 68. Rh3 Ra1 69. Kf3 h1=Q+ 0-1

[Event "Early-Titled-Tuesday-Blitz-March-05-2024"]
[Site "Chess.com"]
[Date "2024.03.05"]
[Round "5"]
[White "DuleMudule"]
[Black "LornerAcosta"]
[Result "1-0"]
[WhiteElo "2866"]
[BlackElo "2630"]
[TimeControl "180+1"]
[EndTime "8:59:17 PST"]
[Termination "DuleMudule won by resignation"]

1. d4 d5 2. Bf4 Nf6 3. e3 c5 4. Nc3 cxd4 5. exd4 a6 6. Nf3 Bg4 7. h3 Bxf3 8. Qxf3 Nc6 9. O-O-O e6 10. g4 Bd6 11. g5 Bxf4+ 12. Qxf4 Nh5 13. Qh4 g6 14. Be2 h6 15. Rhg1 Ng7 16. Bd3 Ne7 17. Rde1 Nef5 18. Bxf5 Nxf5 19. Qf4 hxg5 20. Qe5 O-O 21. f4 Qb8 22.
Rxg5 Qxe5 23. dxe5 Kg7 24. Reg1 Rad8 25. Nd1 Rh8 26.
Nf2 Rh4 27. R5g4 Rdh8 28. Kd2 Nd4 29. Kd3 Nf5 30. R1g2 R4h5 31. a4 b6 32. c3 Rc8 33.
b3 b5 34. a5 Rc7 35. Rg1 b4 36. cxb4 Rb7 37. Kc3 Rh8 38. Nd3 d4+ 39. Kb2 Rxh3 40. Rd1 Rb5 41. Rgg1 Ne3 42. Rd2 Nd5 43. Ka3 Rf3 44. Rc1 Nxf4 45. Nc5 Nd5 46. Nxa6 Rb7 47. Rxd4 Rf5 48. Nc5 Rb5 49. Ka4 Rb8 50. b5 Rf2 51. b6 Ra2+ 52. Kb5 Ra8 53. b4 Rb8 54. b7 Nc7+ 55. Kc6 Nd5 56. b5 Rxa5 57. Rxd5 exd5 58. b6 Re8 59. Nd7 d4 60. b8=Q Rxb8 61. Nxb8 Rxe5 62. Nd7 Re6+ 63. Kc7 d3 64. b7 d2 65. Rd1 1-0

[Event "Early-Titled-Tuesday-Blitz-March-05-2024"]
[Site "Chess.com"]
[Date "2024.03.05"]
[Round "5"]
[White "ukchessbomber"]
[Black "Defenstrator"]
[Result "1-0"]
[WhiteElo "2659"]
[BlackElo "2446"]
[TimeControl "180+1"]
[EndTime "8:59:18 PST"]
[Termination "ukchessbomber won by resignation"]

1. b4 c6 2. Bb2 a5 3. bxa5 d5 4.
Nf3 f6 5. Bc3 e5 6. d3 Bg4 7. e3 Nd7 8. Be2 Nh6 9. h3 Bh5 10.
Nbd2 c5 11. Nf1 Bd6 12. Ng3 Bg6 13. e4 d4 14. Bd2 c4 15. dxc4 Nc5 16. Bxh6 gxh6 17.
O-O Nxe4 18. Nxe4 Bxe4 19. Bd3 f5 20. Bxe4 fxe4 21. Nxe5 Qg5 22. Ng4 h5 23. Qxd4 O-O-O 24. Qf6 Qxf6 25. Nxf6 Be5 26. Nd5 Bxa1 27. Rxa1 Rd6 28.
Rb1 Kb8 29. Kf1 Rc8 30. Nb6 Rc5 31. Rb5 Rxb5 32. cxb5 Rd2 33. a4 Rxc2 34. g4 hxg4 35. hxg4 Rc1+ 36. Ke2 Rc2+ 37. Ke3 Kc7 38. Nd5+ Kd6 39.
Nf6 Ra2 40. Nxe4+ Ke7 41. Nc3 Ra3 42. Kd4 h6 43. Kc4 Ra1 44. Kc5 Rc1 45. Kd4 Kd6 46.
Ne4+ Kc7 47. f4 Ra1 48. Nc3 Rg1 49. Kc5 Rxg4 50. Nd5+ Kb8 51. f5 Rg1 52. Kb6 Rf1 53. Ne7 h5 54. a6 bxa6 55. Kxa6 h4 56. b6 Rb1 57. f6 Ka8 58. f7 Rf1 59. b7+ Kb8 60. Nc6+ Kc7 61. b8=Q+ Kxc6 62. f8=Q 1-0

[Event "Early-Titled-Tuesday-Blitz-March-05-2024"]
[Site "Chess.com"]
[Date "2024.03.05"]
[Round "5"]
[White "Arteler"]
[Black "MikeSailer"]
[Result "0-1"]
[WhiteElo "2424"]
[BlackElo "2180"]
[TimeControl "180+1"]
[EndTime "8:59:20 PST"]
[Termination "MikeSailer won on time"]

1. Nf3 d5 2. d4 Bf5 3. c4 e6 4. Nc3 Nc6 5. cxd5 exd5 6. Bf4 Nf6 7. e3 Bb4 8. Bd3 Ne4 9. Qc2 Bg6 10. Ne5 Nxe5 11.
Bxe5 O-O 12. O-O Nxc3 13. bxc3 Bxd3 14. Qxd3 Bd6 15. Bxd6 Qxd6 16. c4 dxc4 17. Qxc4 c6 18. Rac1 Kh8 19. Qb3 Rab8 20. Rfd1 f5 21. Qc3 f4 22. exf4 Qxf4 23. Qg3 Qxg3 24. hxg3 Rfd8 25.
Kf1 Kg8 26. Ke2 Kf7 27. Ke3 Rd7 28. Rc5 Re8+ 29. Kf3 Red8 30. Ke3 Re8+ 31. Kf3 Rd6 32. Rf5+ Kg6 33. Rf4 Rd5 34. Rg4+ Kf7 35. Rf4+ Kg8 36. Rg4 Red8 37. Ke3 Re8+ 38. Kf3 Rf8+ 39. Rf4 Rfd8 40.
Ke3 Re8+ 41. Kf3 Red8 42. Ke3 g6 43. Re4 Kf7 44. Re1 R5d7 45. Kd3 c5 46. Kc4 Rxd4+ 47. Rxd4 Rxd4+ 48. Kxc5 Rd2 49. Rb1 b6+ 50. Kc6 Rxf2 51. Rg1 Rxa2 52. Kb7 Ra5 53. Rf1+ Kg7 0-1